Wiwo, chaotic female elven Wizard --------- |.......| --- |.......-# ..| |.....<.|# ...%| --|------# ....%%| # * ##.(.)\.$.| # * # ------ - # # ######## ### # ### ---------# # # # ##################|.......-## # -|------- ### #----- |.......|## # |.......-######+....############%.....(.|###`##### # |.......| ``#|...| --------- # ---|-# |.......| ##....| ##-.f%|# --------- ----- |.Ek|# |>.@kG |.*.| ---.- Wiwo the Conjurer Experience level: 5 Strength: 14 Dexterity: 13 Constitution: 12 Intelligence: 17 Wisdom: 11 Charisma: 9 Health: 0(40) Energy: 14(49) Def: 5 Gold: 527 Moves: 2877 Dungeon seed: 4TN3yN60razcRpjl Game ID: Wiwo_1676219183 Your Inventory: Amulets m - an uncursed amulet of magical breathing (being worn) Weapons d - a blessed +1 quarterstaff (weapon in hands) t - 3 uncursed +0 orcish daggers (alternate weapon; not wielded) D - an uncursed +0 axe X - an uncursed +0 dagger Armor e - an uncursed +0 cloak of magic resistance (being worn) n - an uncursed +0 orcish helm y - an uncursed +2 pair of kicking boots (being worn) N - an uncursed +0 orcish helm O - an uncursed +0 orcish helm of searching P - an uncursed +0 orcish helm (being worn) Y - a cursed -1 orcish helm Comestibles U - 2 uncursed pancakes Scrolls j - a cursed scroll of taming A - an uncursed scroll of destroy armor C - an uncursed scroll of scare monster G - an uncursed scroll of enchant weapon H - a cursed scroll of amnesia W - an uncursed scroll of summoning Z - a cursed scroll of identify Spellbooks M - an uncursed spellbook of magic missile Potions r - an uncursed potion of full healing z - an uncursed potion of healing E - an uncursed potion of invisibility I - a cursed potion of see invisible J - an uncursed potion of see invisible K - an uncursed potion of object detection Rings l - a cursed ring of hunger named cursed s - an uncursed ring of polymorph control u - an uncursed ring of stealth V - an uncursed ring of polymorph control Wands b - an uncursed wand of striking (0:1) Tools k - an uncursed skeleton key v - an uncursed bell w - an uncursed magic whistle T - an uncursed blindfold Coins $ - 527 gold pieces Spells and supernatural/magical abilities: Name Level Category Cost Memory a - force bolt 1 attack 8pw 96% h - healing 1 healing 12pw 96% m - magic missile 2 attack 16pw 96% z - sleep 1 enchantment 8pw 96% O - summoning 2 clerical 25pw 96% W - pray for help -- divine ? -- Your skills at the end: Fighting Skills wands [Basic] Weapon Skills quarterstaff [Basic] Spellcasting Skills attack spells [Basic] enchantment spells [Basic] Final Attributes: You were piously aligned. You were immune to sleep. You were magic resistant. You saw invisible. You were telepathic. You had infravision. You could survive without air. You were lucky. You last prayed 1775 turns ago. Anhur was noncommittal. You are dead. Vanquished creatures: a leprechaun 6 bugbears a yellow light a gnome lord a gnomish wizard a floating eye 3 kobold lords 7 hill orcs a rabid rat a giant bat a dwarf zombie 3 iguanas an acid blob a hobbit 2 manes 2 hobgoblins a giant rat a cave spider a gnome 2 gnome zombies 2 geckos 2 jackals 3 foxes 3 goblins 2 sewer rats 3 grid bugs 3 bats 4 lichens a kobold zombie 6 newts 67 creatures vanquished. Voluntary challenges: You used a wielded weapon 42 times, starting on turn 353. You read items or engraved 15 times, starting on turn 175. You never genocided any monsters. You never polymorphed an object. You never changed form. You used no wishes. You never split a pudding. You wrote Elbereth's name 6 times, starting on turn 2305. You never violated your personal moral code. Dungeon overview: The Dungeons of Doom: levels 1 to 6 Level 1 a sink, a vault a long staircase Level 2 a hardware shop Level 3 a general store, a sink, a vault stairs to The Gnomish Mines Level 4 a fountain Level 5 a general store Level 6 <- You were here an altar to Anhur, a throne, a vault The Gnomish Mines: Level 4 stairs to The Dungeons of Doom History has recorded: On T:1 you entered the Dungeons of Doom to retrieve the Amulet of Yendor! On T:349 you reached level 2 of The Dungeons of Doom. On T:481 you reached level 3 of The Dungeons of Doom. On T:819 you advanced to experience level 2. On T:1064 you reached level 1 of The Gnomish Mines. On T:1134 you reached level 4 of The Dungeons of Doom. On T:1825 you advanced to experience level 3. On T:1883 you reached level 5 of The Dungeons of Doom. On T:2029 you advanced to experience level 4. On T:2546 you reached level 6 of The Dungeons of Doom. On T:2763 you advanced to experience level 5. Score breakdown: Gold: 527 ( 9261 points) Experience: 5 levels (11141 points) Exploration: 6 levels ( 11.32%) ( 9302 points) Discoveries: 27 items ( 9.38%) ( 9185 points) Valuables value: (no points given unless you survive) Artifact value: 0 ( 0 points) Variety of kills: 30 monsters ( 7.89%) ( 8429 points) Turncount: 2877 turns ( -538 points) Survival: died (score multiplied by 80%) Total score: 37424 Latest messages: The kobold hits! There is an altar to Thoth (neutral) here. There are several objects here. Your sacrifice is consumed in a burst of flame! You sense a conflict between Anhur and Thoth. You feel the power of Anhur increase. The altar glows black. The voice of Thoth booms: "Thou shalt pay for thy indiscretion!" The fire elemental of Thoth appears before you. The fire elemental of Thoth hits! You are on fire! The large cat can see again. You write in the dust with your fingers. The fire elemental of Thoth hits! You are on fire! The kobold misses the large cat. The large kobold hits! You add to the writing in the dust with your fingers. The fire elemental of Thoth hits! You are on fire! You add to the writing in the dust with your fingers. The fire elemental of Thoth hits! You are on fire! You die... Final status: Goodbye Wiwo the Wizard, killed by a fire elemental of Thoth... You died in The Dungeons of Doom on dungeon level 6 with 37424 points, and 527 pieces of gold, after 2877 moves. You were level 5 with a maximum of 40 hit points when you died.